Map: Lightshade LE

Players

goblin

  • Race: Protoss Protoss
  • League: Master

PtitDrogo - Winner!

  • Race: Protoss Protoss
  • League: Grandmaster

Event: DreamHack SC2 Masters 2021 Summer

VOD

Have the link to the VOD?

Description

Time

  • Played on: June 2, 2021, 9:17 a.m.
  • Length: 17:11

All games in this series

Show
View Real Time Build Order
Export as new Build Order

goblin Protoss 

Build Orders: Oracle Opening 

Get SALT Encoding   

  12  0:00  Probe  
  13  0:12  Probe  
  14  0:17  Pylon  
  14  0:24  Probe (Chrono Boost)  
  15  0:37  Probe (Chrono Boost), Gateway  
  16  0:45  Probe (Chrono Boost)  
  16  0:46  Assimilator  
  17  0:51  Probe  
  17  0:55  Assimilator  
  18  1:03  Probe (Chrono Boost)  
  19  1:10  Gateway  
  19  1:13  Probe (Chrono Boost)  
  19  1:17  Probe (Chrono Boost)  
  20  1:25  Cybernetics Core  
  21  1:29  Probe  
  22  1:35  Pylon  
  22  1:41  Probe  
  23  1:53  Probe  
  24  2:01  Stalker  
  24  2:02  Stalker  
  24  2:03  Warp Gate  
  28  2:16  Probe  
  28  2:18  Pylon  
  29  2:23  Robotics Facility  
  29  2:34  Stalker  
  31  2:38  Stalker  
  33  2:57  Nexus  
  32  3:08  Stargate  
  32  3:16  Pylon  
  32  3:20  Probe  
  33  3:32  Probe (Chrono Boost)  
  34  3:45  Probe (Chrono Boost)  
  35  3:49  Oracle (Chrono Boost)  
  35  3:50  Shield Battery  
  35  3:52  Probe (Chrono Boost)  
  39  3:57  Stalker  
  39  3:59  Probe  
  39  4:00  Stalker  
  44  4:09  Probe (Chrono Boost)  
  45  4:14  Probe (Chrono Boost)  
  46  4:21  Probe (Chrono Boost)  
  48  4:26  Stalker x2  
  48  4:27  Probe (Chrono Boost)  
  50  4:34  Phoenix  
  50  4:36  Probe  
  53  4:39  Probe  
  54  4:48  Probe  
  54  4:51  Probe  
  53  5:00  Probe  
  53  5:02  Phoenix (Chrono Boost)  
  53  5:03  Probe  
  56  5:12  Probe  
  57  5:15  Probe  
  58  5:24  Probe, Phoenix (Chrono Boost)  
  58  5:27  Probe  
  62  5:30  Pylon  
  62  5:37  Pylon  
  62  5:39  Assimilator  
  62  5:40  Assimilator  
  62  5:47  Phoenix  
  65  5:51  Probe (Chrono Boost)  
  65  5:53  Probe (Chrono Boost)  
  65  5:55  Pylon  
  66  6:02  Robotics Facility  
  66  6:03  Probe (Chrono Boost)  
  66  6:04  Probe (Chrono Boost)  
  68  6:08  Probe  
  69  6:12  Probe, Phoenix  
  72  6:20  Probe  
  72  6:24  Probe  
  74  6:27  Stalker  
  76  6:37  Phoenix  
  76  6:39  Nexus  
  78  6:46  Immortal (Chrono Boost)  
  78  6:47  Stalker  
  78  6:53  Pylon  
  84  6:55  Stalker  
  85  7:01  Pylon  
  85  7:11  Phoenix  
  85  7:16  Immortal (Chrono Boost)  
  85  7:21  Stalker  
  85  7:22  Stalker  
  83  7:31  Probe x2  
  83  7:36  Phoenix  
  87  7:46  Immortal (Chrono Boost)  
  91  7:54  Nexus  
  91  7:55  Pylon  
  91  7:58  Robotics Facility  
  91  8:13  Stalker  
  91  8:14  Stalker  
  91  8:19  Observer (Chrono Boost)  
  96  8:20  Shield Battery  
  96  8:24  Pylon  
  91  8:29  Probe x2  
  89  8:37  Immortal (Chrono Boost)  
  89  8:40  Phoenix  
  99  8:51  Forge  
  99  8:55  Immortal (Chrono Boost), Zealot  
  99  8:56  Zealot  
  99  8:59  Shield Battery  
  103  9:06  Shield Battery  
  103  9:09  Immortal (Chrono Boost)  
  107  9:17  Gateway  
  107  9:21  Shield Battery  
  105  9:31  Immortal  
  109  9:43  Immortal  
  111  9:48  Photon Cannon  
  111  9:52  Protoss Ground Weapons Level 1  
  111  9:57  Phoenix  
  113  10:04  Sentry x2  
  117  10:11  Pylon  
  117  10:13  Photon Cannon  
  117  10:16  Shield Battery  
  117  10:18  Pylon, Observer  
  117  10:41  Nexus  
  117  10:52  Twilight Council  
  117  10:57  Pylon  
  117  11:03  Phoenix (Chrono Boost)  
  117  11:05  Pylon  
  117  11:06  Immortal  
  117  11:21  Phoenix (Chrono Boost)  
  119  11:29  Charge, Gateway  
  119  11:30  Templar Archives, Gateway  
  119  11:31  Immortal  
  123  11:42  Phoenix (Chrono Boost)  
  123  12:01  Phoenix  
  123  12:09  Robotics Bay  
  123  12:10  Pylon  
  123  12:11  Observer  
  123  12:13  Pylon  
  123  12:14  High Templar x2  
  127  12:18  Archon  
  127  12:21  Observer  
  127  12:29  High Templar  
  129  12:30  High Templar  
  129  12:36  Archon  
  131  12:42  Pylon  
  131  12:53  Colossus (Chrono Boost)  
  131  12:55  Colossus (Chrono Boost)  
  131  12:58  Extended Thermal Lance  
  142  13:05  Pylon x2  
  133  13:38  Colossus (Chrono Boost)  
  133  13:39  Colossus (Chrono Boost)  
  145  13:44  Pylon  
  145  14:10  Colossus x2 (Chrono Boost)  
  145  14:13  Observer, Warp Prism (Chrono Boost)  
  145  14:15  Phoenix  
  150  14:18  Zealot, High Templar x2  
  150  14:19  Zealot x2  
  150  14:23  Archon  
  160  14:24  Pylon  
  160  14:25  Pylon  
  159  14:43  Photon Cannon  
  154  14:56  Phoenix  
  120  15:17  Disruptor (Chrono Boost)  
  126  15:28  Disruptor (Chrono Boost)  
  119  15:43  Phoenix  
  119  15:46  Disruptor  
  124  15:56  Disruptor  
  127  16:09  High Templar x2  
  131  16:13  Archon  
  131  16:22  Nexus  
  131  16:24  Pylon  
Show
View Real Time Build Order
Export as new Build Order

PtitDrogo Protoss - Winner!

Build Orders: Oracle Opening 

Get SALT Encoding   

  12  0:00  Probe  
  13  0:12  Probe  
  14  0:17  Pylon  
  14  0:24  Probe  
  15  0:35  Gateway  
  15  0:37  Probe (Chrono Boost)  
  16  0:46  Assimilator, Probe (Chrono Boost)  
  17  0:51  Probe (Chrono Boost)  
  17  0:54  Assimilator  
  18  1:03  Probe (Chrono Boost)  
  19  1:11  Gateway  
  19  1:12  Probe (Chrono Boost)  
  19  1:17  Probe (Chrono Boost)  
  20  1:22  Cybernetics Core  
  21  1:29  Probe  
  22  1:33  Pylon  
  22  1:41  Probe  
  23  1:56  Warp Gate (Chrono Boost)  
  23  1:59  Stalker x2  
  27  2:05  Gateway  
  27  2:12  Pylon  
  27  2:28  Stalker  
  27  2:29  Stalker  
  31  2:38  Probe  
  31  2:44  Stargate  
  31  3:03  Nexus  
  31  3:10  Probe  
  32  3:14  Pylon  
  32  3:24  Oracle (Chrono Boost), Probe  
  36  3:38  Shield Battery  
  36  3:40  Probe  
  37  3:52  Probe  
  37  3:53  Adept  
  37  3:54  Oracle (Chrono Boost)  
  43  3:56  Adept  
  45  4:05  Probe  
  46  4:15  Probe  
  46  4:17  Probe  
  48  4:27  Twilight Council  
  48  4:28  Probe  
  48  4:29  Probe  
  48  4:30  Stalker  
  52  4:33  Stalker  
  54  4:40  Probe (Chrono Boost)  
  56  4:46  Probe (Chrono Boost)  
  56  4:51  Probe (Chrono Boost)  
  57  4:55  Probe (Chrono Boost)  
  57  4:56  Probe (Chrono Boost)  
  59  5:01  Assimilator  
  59  5:03  Blink (Chrono Boost)  
  59  5:05  Probe  
  59  5:06  Probe  
  61  5:12  Pylon  
  61  5:17  Probe  
  61  5:21  Probe  
  62  5:30  Stalker x2, Probe  
  62  5:31  Pylon  
  62  5:33  Probe  
  68  5:39  Shield Battery  
  68  5:42  Probe  
  69  5:47  Gateway  
  69  5:50  Nexus  
  69  5:54  Probe  
  71  5:57  Stalker  
  71  6:00  Stalker  
  74  6:08  Probe  
  73  6:11  Probe  
  73  6:14  Pylon  
  73  6:17  Forge  
  72  6:20  Probe  
  72  6:24  Probe  
  74  6:27  Stalker  
  74  6:29  Gateway  
  74  6:31  Stalker  
  78  6:33  Probe  
  79  6:42  Stalker  
  79  6:43  Pylon, Probe  
  79  6:45  Probe  
  83  6:47  Charge  
  83  6:53  Protoss Ground Weapons Level 1 (Chrono Boost)  
  83  6:55  Stalker  
  85  7:01  Stalker  
  85  7:04  Probe  
  85  7:06  Probe x2  
  90  7:09  Photon Cannon  
  88  7:16  Probe  
  85  7:27  Stalker x3  
  85  7:28  Stalker  
  85  7:29  Probe x3  
  86  7:39  Gateway  
  86  7:40  Gateway  
  86  7:41  Probe x2  
  86  7:44  Templar Archives  
  89  7:50  Photon Cannon  
  89  7:54  Stalker x4  
  96  8:03  Probe (Chrono Boost)  
  96  8:12  Probe x2 (Chrono Boost)  
  90  8:15  Probe (Chrono Boost)  
  90  8:17  Stalker x4  
  99  8:21  Probe (Chrono Boost)  
  88  8:35  Zealot x2  
  88  8:36  Probe x3  
  88  8:40  High Templar  
  97  8:41  High Templar  
  97  8:42  Zealot x2  
  97  8:45  Archon  
  97  8:46  Gateway  
  104  8:48  Probe, Gateway  
  104  8:51  Pylon  
  104  8:53  Pylon  
  104  8:55  Assimilator  
  104  8:56  Pylon  
  104  8:57  Assimilator, Zealot x2  
  108  9:10  Pylon  
  108  9:13  Zealot x3  
  114  9:25  Zealot x3  
  114  9:28  Probe  
  114  9:29  Probe  
  112  9:38  Probe  
  112  9:41  Protoss Ground Weapons Level 2 (Chrono Boost)  
  112  9:43  High Templar x2  
  112  9:44  Zealot x3  
  119  9:47  Pylon, Nexus  
  119  9:50  Pylon  
  119  9:52  Archon  
  119  9:58  Zealot x3  
  125  10:04  Assimilator  
  125  10:07  Zealot x2  
  129  10:16  Robotics Facility  
  129  10:17  Photon Cannon  
  128  10:23  Stalker x3  
  128  10:25  Probe  
  128  10:31  Probe  
  128  10:32  Probe  
  130  10:37  Probe  
  130  10:41  High Templar x4  
  130  10:42  Zealot  
  141  10:43  Probe  
  141  10:45  Archon x2  
  142  10:50  Zealot x3  
  142  10:51  Photon Cannon  
  142  10:54  Probe  
  142  10:56  Probe  
  150  11:09  Zealot  
  152  11:12  High Templar x2  
  152  11:13  Zealot x5  
  162  11:22  Probe x3  
  162  11:23  Pylon, Probe  
  162  11:24  Observer (Chrono Boost)  
  167  11:29  Pylon  
  165  11:33  Pylon  
  165  11:35  Protoss Ground Weapons Level 3 (Chrono Boost)  
  165  11:37  Stalker x2  
  165  11:38  Stalker x2  
  166  11:47  Probe x3  
  166  11:49  Probe  
  166  11:54  Stalker x2  
  169  11:59  Probe  
  168  12:02  Probe x3  
  168  12:05  High Templar x2  
  175  12:08  Warp Prism (Chrono Boost)  
  175  12:09  Archon  
  175  12:11  Probe  
  175  12:14  Probe x2  
  180  12:17  High Templar x2  
  180  12:18  Zealot  
  180  12:21  Archon  
  186  12:23  Probe  
  184  12:30  Probe  
  185  12:44  Dark Shrine  
  185  12:45  Gateway x2  
  185  12:47  Probe, Gateway  
  186  12:56  High Templar  
  186  12:57  Zealot x3, High Templar  
  196  12:59  Pylon  
  196  13:00  Archon  
  192  13:13  Stalker x2  
  196  13:23  Nexus  
  196  13:25  Pylon  
  196  13:27  Photon Cannon  
  196  13:32  Probe x3  
  192  13:42  Assimilator  
  192  13:45  High Templar x2  
  192  13:46  Assimilator, Zealot x2  
  200  13:50  Archon  
  196  14:12  Protoss Shields Level 1 (Chrono Boost)  
  196  14:13  Probe x4  
  196  14:16  Stalker x3  
  194  14:47  Zealot x3  
  162  15:12  High Templar x5  
  162  15:13  Zealot, High Templar x4  
  170  15:16  Archon x2, Observer  
  170  15:17  Archon x2  
  170  15:21  Probe x3  
  170  15:22  Probe  
  172  15:43  Robotics Bay  
  172  15:44  Robotics Facility x2  
  172  15:47  High Templar  
  172  15:48  Zealot x9  
  192  16:02  Archon  
  192  16:17  Dark Templar x2  
  192  16:18  Zealot x2  
  200  16:21  Archon  
  152  16:43  Stalker x8  
  137  17:08  Stalker x10  
Tags
 
Add a new tag
Caveats
  • Supply blocks, unpowered buildings, or Contaminate may cause inaccurate times.
  • Supply counts are checked every 10 seconds.